Maroons vs Senateurs

Created - 17 octobre 2025 at 16:33

Goals
1 2 3 T
Maroons 0 1 1 2
Senateurs 1 1 2 4
Shots
1 2 3 T
Maroons 13 5 8 26
Senateurs 15 14 16 45

GoalsPenalties
1st period
1. Senateurs , Brad Marchand 1 (Ian Cole 1, Steven Stamkos 5) at 19:06 (PP)
Erik Karlsson (MON) for Cross-checking (Minor) at 18:57
2nd period
2. Senateurs , Brad Marchand 2 (Steven Stamkos 6) at 2:33
3. Maroons , Morgan Barron 1 (Rasmus Dahlin 4) at 15:10
No Penalty
3rd period
4. Senateurs , Brock Nelson 1 (Brendan Gallagher 2, Jared McCann 4) at 0:56
5. Senateurs , Steven Stamkos 4 (Jared McCann 5, Brad Marchand 7) at 10:43 (PP)
6. Maroons , Danton Heinen 1 (Morgan Barron 2, Rasmus Dahlin 5) at 12:37
Rasmus Dahlin (MON) for High sticking (Minor) at 10:21
Goalie Stats
Dustin Wolf (MON), 41 saves from 45 shots - (0,911), L, 2-2-0, 60:00 minutes
Ilya Sorokin (OTT), 24 saves from 26 shots - (0,923), W, 3-0-0, 60:00 minutes
3 StarsOfficial
1 - Brad Marchand (OTT)
2 - Steven Stamkos (OTT)
3 - Brock Nelson (OTT)
Referees : Dan O'Rourke and Justin St. Pierre
Linesman : Brandon Gawryletz and Trent Knorr
Game Note
19:06 of 1st period - Senateurs goal is going for a video replay. After video review, Goal.
Finance
Level 1 -- Attendance: 5613 (93,55%) -- Ticket Income $505,170
Level 2 -- Attendance: 4787 (95,74%) -- Ticket Income $263,285
Level 3 -- Attendance: 2000 (100,00%) -- Ticket Income $66,000
Level 4 -- Attendance: 4000 (100,00%) -- Ticket Income $72,000
Luxury Box -- Attendance: 886 (88,60%) -- Ticket Income $159,480
Game was played at the Place Banque Scottia.
Total Attendance: 17286 (96,03%)
Total Ticket Income: $1,065,935
Other Income: $522,308
Total Income: $1,588,243



Team Name Goals Shots Shots Attemp Shots Blocked PIM HIT PP PK FO%
Maroons 22659154180 / 0 (0,00%240%
Senateurs 44585150172 / 2 (100%)060%

Maroons
Player Name POS G A P +/- PIM HIT SHT SB MP PP MP PP SHT PK MP PK SHT FO% FOT GA TA
000000000:000:0000:0000% 000
000000000:000:0000:0000% 000
Arber XhekajD0001020011:340:0000:0000% 000
Carl GrundstromLW/RW000001009:440:0000:0000% 000
Danton HeinenC/LW/RW1011022014:540:0000:0000% 401
Erik KarlssonD0000231130:140:0000:0000% 021
Jack HughesC/LW0000001318:210:0000:00055% 2011
Jacob TroubaD0000000018:280:0000:3100% 000
Jakob PelletierC/LW000000209:250:0000:00050% 210
Joel FarabeeLW000000219:440:0000:000100% 100
Keegan KolesarRW0001023115:050:0000:3100% 000
Logan StankovenC/LW/RW0000020018:030:0000:000100% 100
Macklin CelebriniC/LW000-1006017:080:0000:000100% 110
Matthew TkachukLW/RW0000011018:190:0000:00050% 221
Morgan BarronC/LW/RW1121003015:050:0000:31023% 1300
Nick FolignoC/LW/RW000-1021017:080:0000:0000% 102
Noah DobsonD000-1002424:360:0000:3100% 000
Noah JuulsenD000102019:460:0000:0000% 000
Pierre-Luc DuboisC/LW000-1012017:490:0000:00033% 1800
Rasmus DahlinD022-1200424:040:0000:0000% 003
Senateurs
Player Name POS G A P +/- PIM HIT SHT SB MP PP MP PP SHT PK MP PK SHT FO% FOT GA TA
Alexander KerfootC/LW/RW0000002013:220:0000:0000% 010
Artem ZubD0001011218:020:0000:0000% 000
Brad MarchandLW/RW213-1025120:160:3110:00050% 200
Brendan GallagherRW0111002116:010:0000:000100% 100
Brock NelsonC/LW1011025015:550:0000:00046% 1311
Casey CizikasC/LW0000002010:330:0000:00063% 800
Colton SissonsC/RW0000012013:100:0000:00057% 701
Dougie HamiltonD000-2010222:100:3100:0000% 000
Eric RobinsonLW/RW0000001010:330:0000:000100% 110
Haydn FleuryD0001003319:480:0000:0000% 003
Ian ColeD011-2010322:100:3100:0000% 000
Jared McCannC/LW/RW0221005216:320:3100:000100% 110
Mikey AndersonD0001012119:480:0000:0000% 000
Nick PaulC/LW000-1025019:470:0000:00057% 2300
Philipp KurashevC/LW/RW000000000:000:0000:0000% 000
Rodrigo AbolsC/LW000000000:000:0000:0000% 000
Ryan HartmanC/LW/RW0000011013:020:0000:000100% 100
Ryan LindgrenD0001031018:020:0000:0000% 001
Steven StamkosC/LW/RW123-1018020:160:3130:000100% 531
Tanner PearsonLW/RW0000010010:330:0000:0000% 120

Maroons

5 vs 5 Forward
Line #Left WingCenterRight WingPHYDFOFWanted %Time %Time Play
1Matthew TkachukJack HughesLogan Stankoven1223031%18:22
2Macklin CelebriniPierre-Luc DuboisNick Foligno1223029%17:08
3Danton HeinenMorgan BarronKeegan Kolesar1222524%14:34
4Joel FarabeeJakob PelletierCarl Grundstrom1221516%9:25
5 vs 5 Defense
Line #DefenseDefensePHYDFOFWanted %Time %Time Play
1Noah DobsonRasmus Dahlin2214042%24:43
2Erik KarlssonJacob Trouba1133029%17:13
3Arber XhekajErik Karlsson2302019%11:33
4Noah JuulsenErik Karlsson1221010%6:00
Power Play Forward
Line #Left WingCenterRight WingPHYDFOFWanted %Time %Time Play
1Matthew TkachukJack HughesLogan Stankoven122600%0:00
2Danton HeinenPierre-Luc DuboisMorgan Barron122400%0:00
Power Play Defense
Line #DefenseDefensePHYDFOFWanted %Time %Time Play
1Noah DobsonRasmus Dahlin122600%0:00
2Erik KarlssonArber Xhekaj122400%0:00
Penalty Kill 4 Players Forward
Line #CenterWingPHYDFOFWanted %Time %Time Play
1Morgan BarronKeegan Kolesar12260100%0:31
2Jack HughesDanton Heinen122400%0:00
Penalty Kill 4 Players Defense
Line #DefenseDefensePHYDFOFWanted %Time %Time Play
1Jacob TroubaNoah Dobson12260100%0:31
2Noah JuulsenArber Xhekaj122400%0:00
Penalty Kill 3 Players
Line #WingPHYDFOFWanted %Time %Time PlayDefenseDefensePHYDFOFWanted %Time %Time Play
1Danton Heinen122600%0:00 Erik KarlssonJacob Trouba122600%0:00
2Jack Hughes122400%0:00 Noah DobsonArber Xhekaj122400%0:00
4 vs 4 Forward
Line #CenterWingPHYDFOFWanted %Time %Time Play
1Jack HughesMatthew Tkachuk122600%0:00
2Pierre-Luc DuboisMacklin Celebrini122400%0:00
4 vs 4 Defense
Line #DefensePHYDFOFWanted %Time %Time Play
1Erik KarlssonNoah Dobson122600%0:00
2Jacob TroubaArber Xhekaj122400%0:00
Last Minutes Offensive
Left WingCenterRight WingDefenseDefense
Matthew TkachukJack HughesPierre-Luc DuboisErik KarlssonRasmus Dahlin
Last Minutes Defensive
Left WingCenterRight WingDefenseDefense
Morgan BarronDanton HeinenPierre-Luc DuboisJacob TroubaErik Karlsson
Time
Total ForwardTotal DefenseLast Minutes OffensiveLast Minutes Defensive
60:00 60:00 0:000:00
Extra Forwards
Normal PowerPlayPenalty Kill
Jack Hughes, Matthew Tkachuk, Logan StankovenJack Hughes, Matthew TkachukDanton Heinen
Extra Defensemen
Normal PowerPlayPenalty Kill
Arber Xhekaj, Noah Juulsen, Jacob TroubaJacob Trouba, Arber XhekajJacob Trouba
Penalty Shots
Pierre-Luc Dubois, Morgan Barron, Matthew Tkachuk, Jack Hughes, Carl Grundstrom
Goalie
Dustin Wolf, Vyacheslav Peksa
Custom OT Lines Forwards
Jack Hughes, Matthew Tkachuk, Pierre-Luc Dubois, Logan Stankoven, Danton Heinen, Morgan Barron, Carl Grundstrom, Macklin Celebrini, Nick Foligno, Keegan Kolesar
Custom OT Lines Defensemen
Noah Juulsen, Jacob Trouba, Noah Dobson, Erik Karlsson, Arber Xhekaj
Scratches
Kieffer Bellows (Healthy)

Senateurs

5 vs 5 Forward
Line #Left WingCenterRight WingPHYDFOFWanted %Time %Time Play
1Brad MarchandNick PaulSteven Stamkos1223234%20:13
2Jared McCannBrock NelsonBrendan Gallagher1222827%15:55
3Ryan HartmanColton SissonsAlexander Kerfoot1222222%12:48
4Tanner PearsonCasey CizikasEric Robinson1221818%10:33
5 vs 5 Defense
Line #DefenseDefensePHYDFOFWanted %Time %Time Play
1Ian ColeDougie Hamilton1223736%21:24
2Mikey AndersonHaydn Fleury1223433%19:48
3Ryan LindgrenArtem Zub1222930%18:02
4Ian ColeDougie Hamilton12200%0:15
Power Play Forward
Line #Left WingCenterRight WingPHYDFOFWanted %Time %Time Play
1Brad MarchandSteven StamkosJared McCann12260100%0:31
2Brock NelsonNick PaulBrendan Gallagher122400%0:00
Power Play Defense
Line #DefenseDefensePHYDFOFWanted %Time %Time Play
1Dougie HamiltonIan Cole12260100%0:31
2Ryan LindgrenArtem Zub122400%0:00
Penalty Kill 4 Players Forward
Line #CenterWingPHYDFOFWanted %Time %Time Play
1Colton SissonsAlexander Kerfoot122600%0:00
2Casey CizikasJared McCann122400%0:00
Penalty Kill 4 Players Defense
Line #DefenseDefensePHYDFOFWanted %Time %Time Play
1Ian ColeMikey Anderson122600%0:00
2Ryan LindgrenArtem Zub122400%0:00
Penalty Kill 3 Players
Line #WingPHYDFOFWanted %Time %Time PlayDefenseDefensePHYDFOFWanted %Time %Time Play
1Colton Sissons122600%0:00 Ian ColeMikey Anderson122600%0:00
2Alexander Kerfoot122400%0:00 Ryan LindgrenArtem Zub122400%0:00
4 vs 4 Forward
Line #CenterWingPHYDFOFWanted %Time %Time Play
1Steven StamkosBrad Marchand122600%0:00
2Brock NelsonAlexander Kerfoot122400%0:00
4 vs 4 Defense
Line #DefensePHYDFOFWanted %Time %Time Play
1Ian ColeDougie Hamilton122600%0:00
2Mikey AndersonRyan Lindgren122400%0:00
Last Minutes Offensive
Left WingCenterRight WingDefenseDefense
Brock NelsonSteven StamkosBrad MarchandDougie HamiltonHaydn Fleury
Last Minutes Defensive
Left WingCenterRight WingDefenseDefense
Alexander KerfootColton SissonsJared McCannIan ColeMikey Anderson
Time
Total ForwardTotal DefenseLast Minutes OffensiveLast Minutes Defensive
60:00 60:00 0:000:00
Extra Forwards
Normal PowerPlayPenalty Kill
Alexander Kerfoot, Nick Paul, Colton SissonsAlexander Kerfoot, Nick PaulAlexander Kerfoot
Extra Defensemen
Normal PowerPlayPenalty Kill
Ryan Lindgren, Mikey Anderson, Artem ZubRyan Lindgren, Ryan LindgrenIan Cole
Penalty Shots
Steven Stamkos, Brad Marchand, Brock Nelson, Jared McCann, Alexander Kerfoot
Goalie
Ilya Sorokin, Jonas Johansson
Custom OT Lines Forwards
Steven Stamkos, Brad Marchand, Brock Nelson, Jared McCann, Alexander Kerfoot, Nick Paul, Colton Sissons, Brendan Gallagher, Ryan Hartman, Casey Cizikas
Custom OT Lines Defensemen
Ian Cole, Dougie Hamilton, Mikey Anderson, Ryan Lindgren, Artem Zub
Scratches
Jeff Petry (Right Leg Injury)


Play-by-Play

1st period


0:01 of 1st period - Nick Paul wins face-off versus Jack Hughes in neutral zone.
0:15 of 1st period - Slapshot by Matthew Tkachuk.
0:15 of 1st period - Shot Blocked by Ian Cole.
0:32 of 1st period - Slapshot by Brock Nelson.
0:32 of 1st period - Stopped by Dustin Wolf with a rebound.
0:55 of 1st period - Wrist shot by Danton Heinen.
0:55 of 1st period - Stopped by Ilya Sorokin with a rebound.
0:57 of 1st period - Snap shot by Rasmus Dahlin.
0:57 of 1st period - Shot Blocked by Haydn Fleury.
1:20 of 1st period - Off-side.
1:21 of 1st period - Nick Paul wins face-off versus Pierre-Luc Dubois in neutral zone.
1:25 of 1st period - Off-side.
1:26 of 1st period - Nick Paul wins face-off versus Pierre-Luc Dubois in neutral zone.
1:28 of 1st period - Off-side.
1:29 of 1st period - Pierre-Luc Dubois wins face-off versus Nick Paul in neutral zone.
1:36 of 1st period - Slapshot by Pierre-Luc Dubois.
1:36 of 1st period - Shot Misses the Net.
1:38 of 1st period - Wrist shot by Macklin Celebrini.
1:38 of 1st period - Shot Blocked by Artem Zub.
1:40 of 1st period - Snap shot by Nick Foligno.
1:40 of 1st period - Stopped by Ilya Sorokin without a rebound.
1:41 of 1st period - Jack Hughes wins face-off versus Brock Nelson in Senateurs zone.
1:54 of 1st period - Slapshot by Jared McCann.
1:54 of 1st period - Deflect By Brock Nelson.
1:54 of 1st period - Shot Misses the Net.
1:54 of 1st period - Puck is out of play.
1:55 of 1st period - Casey Cizikas wins face-off versus Morgan Barron in Maroons zone.
2:47 of 1st period - Snap shot by Ryan Hartman.
2:47 of 1st period - Shot Blocked by Noah Dobson.
2:49 of 1st period - Snap shot by Colton Sissons.
2:49 of 1st period - Shot Misses the Net.
2:59 of 1st period - Wrist shot by Brad Marchand.
2:59 of 1st period - Shot Blocked by Joel Farabee.
3:45 of 1st period - Snap shot by Colton Sissons.
3:45 of 1st period - Stopped by Dustin Wolf with a rebound.
3:49 of 1st period - Wrist shot by Alexander Kerfoot.
3:49 of 1st period - Stopped by Dustin Wolf with a rebound.
4:11 of 1st period - Snap shot by Macklin Celebrini.
4:11 of 1st period - Stopped by Ilya Sorokin without a rebound.
4:12 of 1st period - Nick Paul wins face-off versus Nick Foligno in Senateurs zone.
4:12 of 1st period - Nick Paul is hit by Pierre-Luc Dubois.
4:26 of 1st period - Wrist shot by Steven Stamkos.
4:26 of 1st period - Stopped by Dustin Wolf without a rebound.
4:27 of 1st period - Brock Nelson wins face-off versus Morgan Barron in Maroons zone.
4:54 of 1st period - Nick Paul is hit by Erik Karlsson and loses puck.
5:01 of 1st period - Snap shot by Jack Hughes.
5:01 of 1st period - Shot Misses the Net.
5:03 of 1st period - Snap shot by Jack Hughes.
5:03 of 1st period - Stopped by Ilya Sorokin with a rebound.
5:05 of 1st period - Snap shot by Noah Dobson.
5:05 of 1st period - Stopped by Ilya Sorokin without a rebound.
5:06 of 1st period - Ryan Hartman wins face-off versus Jakob Pelletier in Senateurs zone.
5:12 of 1st period - Off-side.
5:13 of 1st period - Joel Farabee wins face-off versus Colton Sissons in neutral zone.
5:38 of 1st period - Wrist shot by Jared McCann.
5:38 of 1st period - Stopped by Dustin Wolf without a rebound.
5:39 of 1st period - Brock Nelson wins face-off versus Pierre-Luc Dubois in Maroons zone.
6:23 of 1st period - Snap shot by Jared McCann.
6:23 of 1st period - Stopped by Dustin Wolf without a rebound.
6:24 of 1st period - Brad Marchand wins face-off versus Jack Hughes in Maroons zone.
6:27 of 1st period - Snap shot by Steven Stamkos.
6:27 of 1st period - Shot Blocked by Jack Hughes.
6:35 of 1st period - Snap shot by Steven Stamkos.
6:35 of 1st period - Stopped by Dustin Wolf with a rebound.
6:37 of 1st period - Snap shot by Steven Stamkos.
6:37 of 1st period - Stopped by Dustin Wolf without a rebound.
6:38 of 1st period - Casey Cizikas wins face-off versus Pierre-Luc Dubois in Maroons zone.
6:47 of 1st period - Dougie Hamilton is hit by Nick Foligno and loses puck.
7:04 of 1st period - Nick Paul is hit by Noah Juulsen and loses puck.
8:29 of 1st period - Snap shot by Steven Stamkos.
8:29 of 1st period - Deflect By Brad Marchand.
8:29 of 1st period - Shot Blocked by Erik Karlsson.
8:29 of 1st period - Puck is out of play.
8:30 of 1st period - Steven Stamkos wins face-off versus Jack Hughes in Maroons zone.
8:36 of 1st period - Wrist shot by Steven Stamkos.
8:36 of 1st period - Stopped by Dustin Wolf without a rebound.
8:37 of 1st period - Nick Paul wins face-off versus Pierre-Luc Dubois in Maroons zone.
8:44 of 1st period - Snap shot by Steven Stamkos.
8:44 of 1st period - Shot Hit the Post.
8:51 of 1st period - Icing by Nick Foligno.
8:52 of 1st period - Colton Sissons wins face-off versus Pierre-Luc Dubois in Maroons zone.
9:27 of 1st period - Wrist shot by Pierre-Luc Dubois.
9:27 of 1st period - Shot Blocked by Haydn Fleury.
10:16 of 1st period - Icing by Alexander Kerfoot.
10:17 of 1st period - Jack Hughes wins face-off versus Colton Sissons in Senateurs zone.
10:28 of 1st period - Matthew Tkachuk is hit by Colton Sissons and loses puck.
10:37 of 1st period - Slapshot by Colton Sissons.
10:37 of 1st period - Stopped by Dustin Wolf without a rebound.
10:38 of 1st period - Nick Paul wins face-off versus Morgan Barron in Maroons zone.
10:39 of 1st period - Snap shot by Brad Marchand.
10:39 of 1st period - Stopped by Dustin Wolf without a rebound.
10:40 of 1st period - Nick Paul wins face-off versus Morgan Barron in Maroons zone.
10:41 of 1st period - Snap shot by Steven Stamkos.
10:41 of 1st period - Stopped by Dustin Wolf without a rebound.
10:42 of 1st period - Nick Paul wins face-off versus Morgan Barron in Maroons zone.
11:23 of 1st period - Snap shot by Jakob Pelletier.
11:23 of 1st period - Stopped by Ilya Sorokin with a rebound.
11:33 of 1st period - Matthew Tkachuk is hit by Dougie Hamilton and loses puck.
11:52 of 1st period - Snap shot by Macklin Celebrini.
11:52 of 1st period - Deflect By Nick Foligno.
11:52 of 1st period - Shot Blocked by Jared McCann.
11:52 of 1st period - Puck is out of play.
11:53 of 1st period - Pierre-Luc Dubois wins face-off versus Casey Cizikas in Senateurs zone.
11:54 of 1st period - Snap shot by Macklin Celebrini.
11:54 of 1st period - Shot Misses the Net.
11:56 of 1st period - Wrist shot by Macklin Celebrini.
11:56 of 1st period - Shot Misses the Net.
11:58 of 1st period - Wrist shot by Erik Karlsson.
11:58 of 1st period - Stopped by Ilya Sorokin without a rebound.
11:59 of 1st period - Eric Robinson wins face-off versus Pierre-Luc Dubois in Senateurs zone.
11:59 of 1st period - Eric Robinson is hit by Nick Foligno.
12:16 of 1st period - Slapshot by Macklin Celebrini.
12:16 of 1st period - Stopped by Ilya Sorokin with a rebound.
12:28 of 1st period - Slapshot by Macklin Celebrini.
12:28 of 1st period - Stopped by Ilya Sorokin without a rebound.
12:29 of 1st period - Jack Hughes wins face-off versus Brock Nelson in Senateurs zone.
12:54 of 1st period - Danton Heinen is hit by Ryan Hartman and loses puck.
13:13 of 1st period - Colton Sissons is hit by Keegan Kolesar and loses puck.
13:52 of 1st period - Wrist shot by Keegan Kolesar.
13:52 of 1st period - Stopped by Ilya Sorokin without a rebound.
13:53 of 1st period - Jack Hughes wins face-off versus Brad Marchand in Senateurs zone.
15:08 of 1st period - Wrist shot by Steven Stamkos.
15:08 of 1st period - Shot Hit the Post.
15:32 of 1st period - Snap shot by Eric Robinson.
15:32 of 1st period - Shot Blocked by Noah Dobson.
15:56 of 1st period - Slapshot by Alexander Kerfoot.
15:56 of 1st period - Stopped by Dustin Wolf without a rebound.
15:57 of 1st period - Jack Hughes wins face-off versus Nick Paul in Maroons zone.
16:04 of 1st period - Snap shot by Matthew Tkachuk.
16:04 of 1st period - Stopped by Ilya Sorokin with a rebound.
16:20 of 1st period - Rasmus Dahlin is hit by Brock Nelson and loses puck.
17:01 of 1st period - Wrist shot by Colton Sissons.
17:01 of 1st period - Shot Blocked by Rasmus Dahlin.
17:03 of 1st period - Wrist shot by Alexander Kerfoot.
17:03 of 1st period - Shot Blocked by Keegan Kolesar.
17:43 of 1st period - Wrist shot by Pierre-Luc Dubois.
17:43 of 1st period - Shot Blocked by Brendan Gallagher.
17:45 of 1st period - Wrist shot by Macklin Celebrini.
17:45 of 1st period - Stopped by Ilya Sorokin with a rebound.
17:47 of 1st period - Slapshot by Noah Dobson.
17:47 of 1st period - Stopped by Ilya Sorokin without a rebound.
17:48 of 1st period - Nick Paul wins face-off versus Jack Hughes in Senateurs zone.
17:57 of 1st period - Nick Paul is hit by Arber Xhekaj and loses puck.
18:57 of 1st period - Minor Penalty to Erik Karlsson for Cross-checking.
18:58 of 1st period - Steven Stamkos wins face-off versus Morgan Barron in Maroons zone.
19:02 of 1st period - Wrist shot by Steven Stamkos.
19:02 of 1st period - Stopped by Dustin Wolf with a rebound.
19:04 of 1st period - Slapshot by Ian Cole.
19:04 of 1st period - Shot Misses the Net.
19:06 of 1st period - Wrist shot by Brad Marchand.
19:06 of 1st period - Senateurs goal is going for a video replay.
19:06 of 1st period - The goal is good.
19:06 of 1st period - Goal by Brad Marchand - Maroons : 0 - Senateurs : 1.
19:07 of 1st period - Jack Hughes wins face-off versus Nick Paul in neutral zone.
19:10 of 1st period - Dougie Hamilton is hit by Erik Karlsson and loses puck.
19:59 of 1st period - Macklin Celebrini is hit by Artem Zub and loses puck.
Goals for this period are 0 for Maroons vs 1 for Senateurs.
Shots for this period are 13 for Maroons vs 15 for Senateurs.

2nd period


0:01 of 2nd period - Nick Paul wins face-off versus Jack Hughes in neutral zone.
0:04 of 2nd period - Logan Stankoven is hit by Nick Paul.
0:23 of 2nd period - Icing by Erik Karlsson.
0:24 of 2nd period - Brock Nelson wins face-off versus Morgan Barron in Maroons zone.
0:25 of 2nd period - Snap shot by Jared McCann.
0:25 of 2nd period - Shot Misses the Net.
0:39 of 2nd period - Slapshot by Keegan Kolesar.
0:39 of 2nd period - Stopped by Ilya Sorokin with a rebound.
0:49 of 2nd period - Logan Stankoven is hit by Ryan Lindgren.
2:10 of 2nd period - Snap shot by Brendan Gallagher.
2:10 of 2nd period - Shot Blocked by Noah Dobson.
2:22 of 2nd period - Snap shot by Brad Marchand.
2:22 of 2nd period - Shot Misses the Net.
2:24 of 2nd period - Backhand shot by Haydn Fleury.
2:24 of 2nd period - Deflect By Rasmus Dahlin.
2:24 of 2nd period - Stopped by Dustin Wolf with a rebound.
2:26 of 2nd period - Slapshot by Nick Paul.
2:26 of 2nd period - Stopped by Dustin Wolf without a rebound.
2:27 of 2nd period - Pierre-Luc Dubois wins face-off versus Nick Paul in Maroons zone.
2:27 of 2nd period - Pierre-Luc Dubois is hit by Brad Marchand.
2:33 of 2nd period - Snap shot by Brad Marchand.
2:33 of 2nd period - Goal by Brad Marchand - Maroons : 0 - Senateurs : 2.
2:34 of 2nd period - Pierre-Luc Dubois wins face-off versus Brock Nelson in neutral zone.
3:01 of 2nd period - Noah Juulsen is hit by Brad Marchand.
5:10 of 2nd period - Jacob Trouba is hit by Tanner Pearson and loses puck.
5:29 of 2nd period - Macklin Celebrini is hit by Ian Cole and loses puck.
5:59 of 2nd period - Snap shot by Brock Nelson.
5:59 of 2nd period - Shot Misses the Net.
8:29 of 2nd period - Snap shot by Casey Cizikas.
8:29 of 2nd period - Stopped by Dustin Wolf with a rebound.
8:41 of 2nd period - Wrist shot by Jared McCann.
8:41 of 2nd period - Stopped by Dustin Wolf with a rebound.
8:43 of 2nd period - Snap shot by Brock Nelson.
8:43 of 2nd period - Stopped by Dustin Wolf with a rebound.
8:45 of 2nd period - Snap shot by Jared McCann.
8:45 of 2nd period - Shot Blocked by Rasmus Dahlin.
8:47 of 2nd period - Slapshot by Haydn Fleury.
8:47 of 2nd period - Shot Blocked by Noah Dobson.
9:12 of 2nd period - Slapshot by Joel Farabee.
9:12 of 2nd period - Stopped by Ilya Sorokin without a rebound.
9:13 of 2nd period - Colton Sissons wins face-off versus Danton Heinen in Senateurs zone.
9:28 of 2nd period - Wrist shot by Colton Sissons.
9:28 of 2nd period - Shot Misses the Net.
9:38 of 2nd period - Brock Nelson is hit by Danton Heinen and loses puck.
10:16 of 2nd period - Off-side.
10:17 of 2nd period - Colton Sissons wins face-off versus Pierre-Luc Dubois in neutral zone.
10:22 of 2nd period - Snap shot by Colton Sissons.
10:22 of 2nd period - Deflect By Ryan Hartman.
10:22 of 2nd period - Stopped by Dustin Wolf with a rebound.
10:24 of 2nd period - Snap shot by Haydn Fleury.
10:24 of 2nd period - Stopped by Dustin Wolf with a rebound.
10:26 of 2nd period - Slapshot by Mikey Anderson.
10:26 of 2nd period - Stopped by Dustin Wolf without a rebound.
10:27 of 2nd period - Nick Paul wins face-off versus Matthew Tkachuk in Maroons zone.
10:30 of 2nd period - Wrist shot by Brad Marchand.
10:30 of 2nd period - Shot Misses the Net.
10:32 of 2nd period - Slapshot by Haydn Fleury.
10:32 of 2nd period - Shot Misses the Net.
10:34 of 2nd period - Slapshot by Haydn Fleury.
10:34 of 2nd period - Shot Hit the Post.
10:36 of 2nd period - Snap shot by Brad Marchand.
10:36 of 2nd period - Shot Hit the Post.
10:38 of 2nd period - Slapshot by Nick Paul.
10:38 of 2nd period - Stopped by Dustin Wolf without a rebound.
10:39 of 2nd period - Jared McCann wins face-off versus Jack Hughes in Maroons zone.
10:44 of 2nd period - Slapshot by Jared McCann.
10:44 of 2nd period - Shot Misses the Net.
10:46 of 2nd period - Backhand shot by Brock Nelson.
10:46 of 2nd period - Stopped by Dustin Wolf without a rebound.
10:47 of 2nd period - Brock Nelson wins face-off versus Jack Hughes in Maroons zone.
10:56 of 2nd period - Snap shot by Brock Nelson.
10:56 of 2nd period - Shot Blocked by Jack Hughes.
10:58 of 2nd period - Slapshot by Haydn Fleury.
10:58 of 2nd period - Stopped by Dustin Wolf with a rebound.
11:00 of 2nd period - Wrist shot by Brendan Gallagher.
11:00 of 2nd period - Shot Misses the Net.
11:02 of 2nd period - Slapshot by Jared McCann.
11:02 of 2nd period - Stopped by Dustin Wolf without a rebound.
11:03 of 2nd period - Steven Stamkos wins face-off versus Morgan Barron in Maroons zone.
11:35 of 2nd period - Snap shot by Brock Nelson.
11:35 of 2nd period - Stopped by Dustin Wolf with a rebound.
11:37 of 2nd period - Snap shot by Ian Cole.
11:37 of 2nd period - Shot Blocked by Noah Juulsen.
11:39 of 2nd period - Slapshot by Jared McCann.
11:39 of 2nd period - Deflect By Brock Nelson.
11:39 of 2nd period - Shot Misses the Net.
11:39 of 2nd period - Puck is out of play.
11:40 of 2nd period - Casey Cizikas wins face-off versus Pierre-Luc Dubois in Maroons zone.
12:02 of 2nd period - Icing by Macklin Celebrini.
12:03 of 2nd period - Nick Paul wins face-off versus Pierre-Luc Dubois in Maroons zone.
12:20 of 2nd period - Snap shot by Pierre-Luc Dubois.
12:20 of 2nd period - Stopped by Ilya Sorokin without a rebound.
12:21 of 2nd period - Brendan Gallagher wins face-off versus Danton Heinen in Senateurs zone.
12:28 of 2nd period - Erik Karlsson is hit by Brock Nelson and loses puck.
12:54 of 2nd period - Snap shot by Logan Stankoven.
12:54 of 2nd period - Shot Blocked by Dougie Hamilton.
12:56 of 2nd period - Snap shot by Matthew Tkachuk.
12:56 of 2nd period - Deflect By Jack Hughes.
12:56 of 2nd period - Shot Misses the Net.
12:56 of 2nd period - Puck is out of play.
12:57 of 2nd period - Jack Hughes wins face-off versus Colton Sissons in Senateurs zone.
12:58 of 2nd period - Wrist shot by Matthew Tkachuk.
12:58 of 2nd period - Shot Blocked by Haydn Fleury.
13:00 of 2nd period - Wrist shot by Logan Stankoven.
13:00 of 2nd period - Shot Misses the Net.
13:29 of 2nd period - Snap shot by Brad Marchand.
13:29 of 2nd period - Deflect By Steven Stamkos.
13:29 of 2nd period - Shot Blocked by Rasmus Dahlin.
13:29 of 2nd period - Puck is out of play.
13:30 of 2nd period - Pierre-Luc Dubois wins face-off versus Nick Paul in Maroons zone.
13:30 of 2nd period - Pierre-Luc Dubois is hit by Ryan Lindgren.
14:09 of 2nd period - Ian Cole is hit by Keegan Kolesar and loses puck.
15:10 of 2nd period - Slapshot by Morgan Barron.
15:10 of 2nd period - Goal by Morgan Barron - Maroons : 1 - Senateurs : 2.
15:11 of 2nd period - Brock Nelson wins face-off versus Jack Hughes in neutral zone.
15:36 of 2nd period - Haydn Fleury is hit by Danton Heinen.
17:04 of 2nd period - Snap shot by Jakob Pelletier.
17:04 of 2nd period - Stopped by Ilya Sorokin without a rebound.
17:05 of 2nd period - Jack Hughes wins face-off versus Tanner Pearson in Senateurs zone.
17:30 of 2nd period - Rasmus Dahlin is hit by Mikey Anderson.
18:30 of 2nd period - Tanner Pearson is hit by Erik Karlsson and loses puck.
19:23 of 2nd period - Mikey Anderson is hit by Arber Xhekaj and loses puck.
19:56 of 2nd period - Ian Cole is hit by Noah Juulsen and loses puck.
Goals for this period are 1 for Maroons vs 1 for Senateurs.
Shots for this period are 5 for Maroons vs 14 for Senateurs.

3rd period


0:01 of 3rd period - Matthew Tkachuk wins face-off versus Brock Nelson in neutral zone.
0:42 of 3rd period - Icing by Morgan Barron.
0:43 of 3rd period - Nick Paul wins face-off versus Danton Heinen in Maroons zone.
0:44 of 3rd period - Snap shot by Steven Stamkos.
0:44 of 3rd period - Shot Misses the Net.
0:46 of 3rd period - Wrist shot by Brock Nelson.
0:46 of 3rd period - Shot Misses the Net.
0:48 of 3rd period - Wrist shot by Jared McCann.
0:48 of 3rd period - Stopped by Dustin Wolf with a rebound.
0:50 of 3rd period - Wrist shot by Brock Nelson.
0:50 of 3rd period - Shot Misses the Net.
0:52 of 3rd period - Wrist shot by Brock Nelson.
0:52 of 3rd period - Shot Blocked by Rasmus Dahlin.
0:54 of 3rd period - Wrist shot by Brendan Gallagher.
0:54 of 3rd period - Stopped by Dustin Wolf with a rebound.
0:56 of 3rd period - Wrist shot by Brock Nelson.
0:56 of 3rd period - Goal by Brock Nelson - Maroons : 1 - Senateurs : 3.
0:57 of 3rd period - Jack Hughes wins face-off versus Nick Paul in neutral zone.
1:14 of 3rd period - Logan Stankoven is hit by Nick Paul and loses puck.
1:31 of 3rd period - Slapshot by Macklin Celebrini.
1:31 of 3rd period - Shot Misses the Net.
1:50 of 3rd period - Snap shot by Joel Farabee.
1:50 of 3rd period - Shot Misses the Net.
1:54 of 3rd period - Wrist shot by Carl Grundstrom.
1:54 of 3rd period - Shot Blocked by Jared McCann.
1:58 of 3rd period - Wrist shot by Rasmus Dahlin.
1:58 of 3rd period - Shot Blocked by Dougie Hamilton.
2:34 of 3rd period - Snap shot by Steven Stamkos.
2:34 of 3rd period - Deflect By Brad Marchand.
2:34 of 3rd period - Shot Misses the Net.
2:34 of 3rd period - Puck is out of play.
2:35 of 3rd period - Macklin Celebrini wins face-off versus Nick Paul in Maroons zone.
2:40 of 3rd period - Snap shot by Pierre-Luc Dubois.
2:40 of 3rd period - Shot Blocked by Artem Zub.
3:13 of 3rd period - Snap shot by Jack Hughes.
3:13 of 3rd period - Shot Misses the Net.
3:47 of 3rd period - Brock Nelson is hit by Carl Grundstrom and loses puck.
5:24 of 3rd period - Wrist shot by Nick Paul.
5:24 of 3rd period - Stopped by Dustin Wolf without a rebound.
5:25 of 3rd period - Pierre-Luc Dubois wins face-off versus Nick Paul in Maroons zone.
5:40 of 3rd period - Wrist shot by Pierre-Luc Dubois.
5:40 of 3rd period - Shot Blocked by Ian Cole.
5:57 of 3rd period - Erik Karlsson is hit by Steven Stamkos and loses puck.
6:06 of 3rd period - Wrist shot by Brad Marchand.
6:06 of 3rd period - Stopped by Dustin Wolf with a rebound.
6:08 of 3rd period - Wrist shot by Nick Paul.
6:08 of 3rd period - Stopped by Dustin Wolf with a rebound.
6:10 of 3rd period - Slapshot by Steven Stamkos.
6:10 of 3rd period - Shot Misses the Net.
6:12 of 3rd period - Wrist shot by Brad Marchand.
6:12 of 3rd period - Stopped by Dustin Wolf with a rebound.
7:02 of 3rd period - Snap shot by Pierre-Luc Dubois.
7:02 of 3rd period - Shot Misses the Net.
7:04 of 3rd period - Snap shot by Pierre-Luc Dubois.
7:04 of 3rd period - Shot Blocked by Ian Cole.
7:06 of 3rd period - Slapshot by Jacob Trouba.
7:06 of 3rd period - Shot Misses the Net.
7:18 of 3rd period - Wrist shot by Pierre-Luc Dubois.
7:18 of 3rd period - Stopped by Ilya Sorokin without a rebound.
7:19 of 3rd period - Jack Hughes wins face-off versus Brock Nelson in Senateurs zone.
7:50 of 3rd period - Backhand shot by Morgan Barron.
7:50 of 3rd period - Shot Misses the Net.
7:52 of 3rd period - Slapshot by Keegan Kolesar.
7:52 of 3rd period - Stopped by Ilya Sorokin without a rebound.
7:53 of 3rd period - Colton Sissons wins face-off versus Danton Heinen in Senateurs zone.
8:26 of 3rd period - Brendan Gallagher is hit by Logan Stankoven and loses puck.
9:07 of 3rd period - Wrist shot by Alexander Kerfoot.
9:07 of 3rd period - Shot Misses the Net.
9:21 of 3rd period - Brock Nelson is hit by Logan Stankoven and loses puck.
10:21 of 3rd period - Minor Penalty to Rasmus Dahlin for High sticking.
10:22 of 3rd period - Steven Stamkos wins face-off versus Morgan Barron in Maroons zone.
10:29 of 3rd period - Wrist shot by Steven Stamkos.
10:29 of 3rd period - Stopped by Dustin Wolf without a rebound.
10:30 of 3rd period - Steven Stamkos wins face-off versus Morgan Barron in Maroons zone.
10:43 of 3rd period - Slapshot by Steven Stamkos.
10:43 of 3rd period - Goal by Steven Stamkos - Maroons : 1 - Senateurs : 4.
10:44 of 3rd period - Jack Hughes wins face-off versus Brock Nelson in neutral zone.
10:47 of 3rd period - Mikey Anderson is hit by Matthew Tkachuk.
10:57 of 3rd period - Slapshot by Brendan Gallagher.
10:57 of 3rd period - Stopped by Dustin Wolf with a rebound.
10:59 of 3rd period - Slapshot by Mikey Anderson.
10:59 of 3rd period - Stopped by Dustin Wolf without a rebound.
11:00 of 3rd period - Morgan Barron wins face-off versus Nick Paul in Maroons zone.
11:07 of 3rd period - Slapshot by Morgan Barron.
11:07 of 3rd period - Stopped by Ilya Sorokin with a rebound.
12:06 of 3rd period - Carl Grundstrom is hit by Ryan Lindgren and loses puck.
12:29 of 3rd period - Snap shot by Morgan Barron.
12:29 of 3rd period - Shot Misses the Net.
12:31 of 3rd period - Wrist shot by Danton Heinen.
12:31 of 3rd period - Shot Blocked by Brad Marchand.
12:33 of 3rd period - Snap shot by Danton Heinen.
12:33 of 3rd period - Shot Misses the Net.
12:35 of 3rd period - Wrist shot by Danton Heinen.
12:35 of 3rd period - Shot Misses the Net.
12:37 of 3rd period - Slapshot by Danton Heinen.
12:37 of 3rd period - Goal by Danton Heinen - Maroons : 2 - Senateurs : 4.
12:38 of 3rd period - Brock Nelson wins face-off versus Jack Hughes in neutral zone.
13:32 of 3rd period - Wrist shot by Ryan Hartman.
13:32 of 3rd period - Shot Misses the Net.
13:52 of 3rd period - Snap shot by Casey Cizikas.
13:52 of 3rd period - Stopped by Dustin Wolf without a rebound.
13:53 of 3rd period - Jakob Pelletier wins face-off versus Brock Nelson in Maroons zone.
14:28 of 3rd period - Wrist shot by Colton Sissons.
14:28 of 3rd period - Shot Misses the Net.
14:36 of 3rd period - Snap shot by Jakob Pelletier.
14:36 of 3rd period - Shot Blocked by Mikey Anderson.
14:38 of 3rd period - Snap shot by Joel Farabee.
14:38 of 3rd period - Stopped by Ilya Sorokin without a rebound.
14:39 of 3rd period - Logan Stankoven wins face-off versus Nick Paul in Senateurs zone.
15:14 of 3rd period - Snap shot by Morgan Barron.
15:14 of 3rd period - Stopped by Ilya Sorokin with a rebound.
16:36 of 3rd period - Snap shot by Brad Marchand.
16:36 of 3rd period - Shot Misses the Net.
16:38 of 3rd period - Wrist shot by Nick Paul.
16:38 of 3rd period - Stopped by Dustin Wolf with a rebound.
16:40 of 3rd period - Snap shot by Ryan Lindgren.
16:40 of 3rd period - Stopped by Dustin Wolf with a rebound.
16:42 of 3rd period - Slapshot by Artem Zub.
16:42 of 3rd period - Stopped by Dustin Wolf with a rebound.
17:00 of 3rd period - Snap shot by Steven Stamkos.
17:00 of 3rd period - Deflect By Nick Paul.
17:00 of 3rd period - Shot Blocked by Jack Hughes.
17:00 of 3rd period - Puck is out of play.
17:01 of 3rd period - Morgan Barron wins face-off versus Casey Cizikas in Maroons zone.
17:07 of 3rd period - Off-side.
17:08 of 3rd period - Morgan Barron wins face-off versus Casey Cizikas in neutral zone.
17:41 of 3rd period - Wrist shot by Macklin Celebrini.
17:41 of 3rd period - Stopped by Ilya Sorokin with a rebound.
17:43 of 3rd period - Slapshot by Jacob Trouba.
17:43 of 3rd period - Deflect By Macklin Celebrini.
17:43 of 3rd period - Stopped by Ilya Sorokin without a rebound.
17:44 of 3rd period - Casey Cizikas wins face-off versus Pierre-Luc Dubois in Senateurs zone.
17:51 of 3rd period - Slapshot by Ian Cole.
17:51 of 3rd period - Deflect By Eric Robinson.
17:51 of 3rd period - Stopped by Dustin Wolf without a rebound.
17:52 of 3rd period - Casey Cizikas wins face-off versus Pierre-Luc Dubois in Maroons zone.
19:03 of 3rd period - Wrist shot by Macklin Celebrini.
19:03 of 3rd period - Shot Misses the Net.
19:05 of 3rd period - Snap shot by Pierre-Luc Dubois.
19:05 of 3rd period - Shot Misses the Net.
19:07 of 3rd period - Snap shot by Macklin Celebrini.
19:07 of 3rd period - Shot Misses the Net.
Goals for this period are 1 for Maroons vs 2 for Senateurs.
Shots for this period are 8 for Maroons vs 16 for Senateurs.